 Dungeon Crawl Stone Soup version 0.29-a0-334-gb41bcbb86e (webtiles) character file.

Game seed: 13035440119096472127

533 Antichthon the Grasshopper (level 7, -4/62 HPs)
             Began as a Naga Warper on Apr 14, 2022.
             Was an Initiate of Cheibriados.
             Killed from afar by an electric eel (5 damage)
             ... with a bolt of electricity
             ... on level 7 of the Dungeon.
             The game lasted 00:09:32 (5212 turns).

Antichthon the Grasshopper (Naga Warper)            Turns: 5212, Time: 00:09:34

Health: -4/62      AC:  8    Str: 14    XL:     7   Next: 24%
Magic:  10/10      EV: 12    Int: 14    God:    Cheibriados [......]
Gold:   180        SH:  0    Dex: 14    Spells: 6/11 levels left

rFire   . . .      SeeInvis +   a - +1 hand axe
rCold   . . .      Faith    .   (no shield)
rNeg    . . .      Spirit   .   b - +0 leather armour
rPois   +          Reflect  .   (no helmet)
rElec   .          Harm     .   (no cloak)
rCorr   .          Rampage  .   (no gloves)
Will    .....                   s - +0 barding
Stlth   ++........              k - amulet of regeneration
HPRegen 1.00/turn               i - +4 ring of evasion
MPRegen 0.12/turn               x - ring of flight

@: flying, very slow
A: AC +2, large, see invisible, deformed body, poison resistance, slowness 2,
spit poison 1, naga tail 1
a: Spit Poison, Renounce Religion


You were on level 7 of the Dungeon.
You worshipped Cheibriados.
Cheibriados was noncommittal.
You visited 2 branches of the dungeon, and saw 8 of its levels.

You collected 250 gold pieces.
You spent 70 gold pieces at shops.

Inventory:

Hand Weapons
 a - a +1 hand axe (weapon)
Missiles
 d - 5 boomerangs of dispersal (quivered)
 v - a boomerang
Armour
 b - a +0 leather armour (worn)
 s - a +0 barding (worn)
Jewellery
 i - a +4 ring of evasion (left hand)
 k - an amulet of regeneration (around neck)
 x - a ring of flight (right hand)
 z - a ring of willpower
Scrolls
 c - 2 scrolls of blinking
 e - 2 scrolls of enchant weapon
 l - a scroll of brand weapon
 m - 4 scrolls of teleportation
 n - a scroll of fog
 o - a scroll of vulnerability
 r - a scroll of amnesia {unknown}
 t - a scroll of summoning {unknown}
 u - a scroll of torment {unknown}
 y - a scroll of holy word {unknown}
Potions
 f - 2 potions of heal wounds
 g - a potion of resistance
 h - a potion of ambrosia
 j - 2 potions of curing {unknown}
 p - a potion of invisibility {unknown}
 q - 2 potions of flight {unknown}
 w - 2 potions of brilliance {unknown}


   Skills:
 * Level 3.0 Fighting
 * Level 3.5 Axes
 * Level 1.4(1.6) Slings
 - Level 0.8(1.3) Throwing
 * Level 1.9 Armour
 * Level 2.3 Dodging
 * Level 2.2 Stealth
 * Level 1.3 Shields
 * Level 2.6 Spellcasting
 * Level 3.7 Translocations
 * Level 1.4 Transmutations
 * Level 1.4 Earth Magic
 * Level 1.7 Invocations


You had 6 spell levels left.
You knew the following spells:

 Your Spells              Type           Power      Damage    Failure   Level
a - Blink                 Tloc           24%        N/A       9%          2
b - Teleport Other        Tloc           12%        N/A       17%         3

Your spell library contained the following spells:

 Spells                   Type           Power      Damage    Failure   Level
 Apportation              Tloc           24%        N/A       6%          1
 Gell's Gravitas          Tloc           12%        N/A       17%         3
 Lesser Beckoning         Tloc           12%        N/A       17%         3
 Inner Flame              Hex/Fire       1%         N/A       63%         3
 Manifold Assault         Tloc           12%        N/A       85%         5
 Cause Fear               Hex            0%         N/A       95%         4
 Alistair's Intoxication  Tmut/Pois      2%         N/A       99%         5
 Discord                  Hex            0%         N/A       100%        8


Dungeon Overview and Level Annotations

Branches:
Dungeon (7/15)             Temple (1/1) D:5

Altars:
Ashenzari
Cheibriados
Dithmenos
Elyvilon
Fedhas
Gozag
Hepliaklqana
Kikubaaqudgha
Makhleb
Nemelex Xobeh
Okawaru
Qazlal
Ru
Sif Muna
Trog
Uskayaw
Vehumet
Wu Jian
Xom
Yredelemnul
Zin
The Shining One

Shops:
D:2 ?:   D:7 ?![(

Annotations:
D:5 2 transporters


Innate Abilities, Weirdness & Mutations

Your serpentine skin is tough. (AC +2)
You have supernaturally acute eyesight. (SInv)
Armour fits poorly on your strangely shaped body.
Your system is resistant to poisons. (rPois)
You cover ground very slowly.
You can spit poison.
You have a snake-like lower body.


Message History

g - Guard the area. f - Follow me.
Anything else - Cancel.
You shout for attention!
Found Keteh's Weapon Shoppe.
Found three shops.
An electric eel comes into view.
The electric eel moves out of view.
There is an entrance to Ameroef's Armour Shop here.
An electric eel is nearby!
The electric eel shoots out a bolt of lightning at you!
The bolt of electricity hits you.
The electric eel shoots out a bolt of lightning at you!
The bolt of electricity hits you!
Aiming: Spit Poison (1% risk of failure)
Press: ? - help, Shift-Dir - straight line, f - electric eel
Aim: an electric eel (water, 37% to hit)
The splash of poison hits the electric eel!
The electric eel is severely wounded.
Unknown command.
The electric eel shoots out a bolt of lightning at you!
The bolt of electricity hits you!
The electric eel shoots out a bolt of lightning at you!
The bolt of electricity hits you!
You miss the electric eel.
The electric eel is severely wounded.
The electric eel shoots out a bolt of lightning at you!
The bolt of electricity hits you! x2
* * * LOW HITPOINT WARNING * * *
The bolt of electricity hits the electric eel.
The electric eel completely resists.
You closely miss the electric eel.
The electric eel is severely wounded.
You hit the electric eel.
The electric eel is almost dead.
You have got your breath back.
The electric eel shoots out a bolt of lightning at you!
The bolt of electricity hits you!
* * * LOW HITPOINT WARNING * * *
The bolt of electricity hits you.
You die...

#........#
##...$....#
.....$....#
#.....<..# #######..#
# ♣♣♣♣♣♣♣♣♣#..# .8#
♣.......♣#..#...#
...#♣.∩.8.∩.♣#......#
#.....@............#
≈≈≈≈≈≈S≈.≈≈≈≈≈≈≈≈≈..#
≈≈≈≈≈≈≈≈.≈≈≈≈≈≈≈≈≈..#
##..................#
#.#♣.∩.8.∩.♣#......#
# ♣.......♣#......#
♣♣♣♣♣♣♣♣♣########


You could see an electric eel.

Vanquished Creatures
  2 scorpions (D:5)
  A howler monkey (D:4)
  A jelly (D:4)
  3 hounds (D:5)
  2 iguanas
  2 orc wizards (D:4)
  6 adders
  3 ufetubi
  A worm (D:2)
  2 dart slugs
  5 orcs
  11 ball pythons
  5 bats
  3 endoplasms
  2 giant cockroaches (D:2)
  7 hobgoblins
  2 kobolds
  8 quokkas
  2 frilled lizards
  8 goblins
  3 rats
79 creatures vanquished.

Notes
Turn   | Place    | Note
-------+----------+-------------------------------------------
     0 | D:1      | Antichthon the Naga Warper began the quest for the Orb.
     0 | D:1      | Reached XP level 1. HP: 19/19 MP: 3/3
   182 | D:1      | Reached XP level 2. HP: 21/26 MP: 5/5
  1052 | D:1      | Reached XP level 3. HP: 27/32 MP: 6/6
  1055 | D:1      | Learned a level 2 spell: Blink
  1059 | D:1      | Learned a level 3 spell: Teleport Other
  1258 | D:2      | Reached skill level 1 in Armour
  1277 | D:2      | Found Kyoteg's Book Shoppe.
  1810 | D:2      | Found Cewnil's Magic Scroll Shoppe.
  1816 | D:2      | Bought a scroll of teleportation for 30 gold pieces
  1816 | D:2      | Bought a scroll of identify for 20 gold pieces
  1816 | D:2      | Bought a scroll of identify for 20 gold pieces
  2079 | D:2      | Reached XP level 4. HP: 37/39 MP: 7/7
  2085 | D:2      | Reached skill level 1 in Stealth
  2351 | D:3      | Reached skill level 1 in Invocations
  3159 | D:4      | Reached XP level 5. HP: 9/45 MP: 8/8
  3700 | D:5      | Entered Level 5 of the Dungeon
  3768 | D:5      | Reached skill level 1 in Earth Magic
  3789 | D:5      | Reached skill level 1 in Transmutations
  3878 | D:5      | Found a staircase to the Ecumenical Temple.
  3909 | D:5      | Reached skill level 1 in Slings
  3909 | D:5      | Reached XP level 6. HP: 49/55 MP: 9/9
  3915 | Temple   | Entered the Ecumenical Temple
  4086 | Temple   | Became a worshipper of Cheibriados the Contemplative
  4125 | D:5      | Reached skill level 1 in Shields
  4233 | D:5      | Found a hide-covered altar of Uskayaw.
  4233 | D:5      | Found a shimmering altar of Xom.
  4271 | D:5      | Found a transporter.
  4281 | D:5      | Found a transporter.
  4505 | D:4      | Reached XP level 7. HP: 38/61 MP: 10/10
  4700 | D:4      | Found an ornate altar of the Wu Jian Council.
  4700 | D:4      | Found a broken altar of Ashenzari.
  5198 | D:7      | Found Keteh's Weapon Shoppe.
  5200 | D:7      | Found Ameroef's Armour Shop.
  5200 | D:7      | Found Kyprugug's Magic Scroll Shop.
  5200 | D:7      | Found Yrulubil's Distillery.
  5212 | D:7      | HP: 1/62 [electric eel/bolt of electricity (11)]
  5212 | D:7      | Killed from afar by an electric eel

Illustrated notes

Levels and vault maps discovered:
D:1:      tarquinn_simple_flora_water_a, layout_loops_cross
D:2:      minmay_chambers_of_twos, layout_rooms, serial_shops, shop, shop,
          minmay_split_cup_large
D:3:      layout_loops_cross
D:4:      layout_basic, gammafunk_temple_overflow_elements
D:5:      gammafunk_steamed_eel, layout_gridville, minitemple,
          minmay_temple_entry_hall
D:6:      layout_basic, minmay_misc_feat_columns, minmay_fire_ice_demons
D:7:      layout_gridville, minmay_statues_item, nicolae_wooded_promenade,
          chequers_avenue, uniq_menkaure
Temple:   eino_narrow_crystal_temple

Skill      XL: |  1  2  3  4  5  6  7 |
---------------+----------------------+-----
Armour         | 1 |  1.9
Stealth        | 1 2 |  2.2
Invocations    | 1 |  1.7
Earth Magic    | 1 |  1.4
Transmutations | 1 |  1.4
Axes           | 3 |  3.5
Slings         | 1 |  1.4
Dodging        | 2 |  2.3
Shields        | 1 |  1.3
Fighting       | 3 |  3.0
Throwing       | |  0.8
Spellcasting   | |  2.6
Translocations | |  3.7

Action                   |  1- 3 |  4- 6 |  7- 9 || total
-------------------------+-------+-------+-------++-------
Melee: Hand axe          |    71 |   157 |    40 ||   268
       Punch             |       |     2 |     1 ||     3
Throw: Boomerang         |     1 |     1 |       ||     2
 Abil: Spit Poison       |    15 |    18 |     5 ||    38
  Use: Scroll            |     5 |     1 |     1 ||     7
 Stab: Sleeping          |     1 |     2 |     1 ||     4
Armor: Leather armour    |    30 |    69 |    18 ||   117
Dodge: Dodged            |    68 |    98 |    36 ||   202

Table legend: (Time is in decaauts)
 A = Elapsed time spent in this place.
 B = Non-inter-level travel time spent in this place.
 C = Inter-level travel time spent in this place.
 D = Time resting spent in this place.
 E = Time spent auto-exploring this place.
 F = Levels seen in this place.
 G = Mean time per level.
                   A        B        C        D        E       F      G
               +--------+--------+--------+--------+--------+-----+--------+
         Total |   6881 |   6694 |    187 |     26 |   5543 |   8 |  860.1 |
       Dungeon |   6616 |   6454 |    162 |     26 |   5325 |   7 |  945.1 |
        Temple |    264 |    239 |     25 |      0 |    218 |   1 |  264.0 |
               +--------+--------+--------+--------+--------+-----+--------+

Top non-repeatable levels by time:
     D:4: 1740 daAuts
     D:1: 1440 daAuts
     D:2: 1219 daAuts
     D:5: 1067 daAuts
     D:3: 1062 daAuts
  Temple: 264 daAuts
     D:6: 52 daAuts
     D:7: 32 daAuts
